 Dungeon Crawl Stone Soup version 0.17-a0-389-g4a39274 (webtiles) character file.

1673 ajon the Archer (level 8, -6/58 HPs)
             Began as a High Elf Hunter on Apr 1, 2015.
             Was a Priest of Okawaru.
             Mangled by an orc warrior
             ... wielding a +0 dire flail
              (17 damage)
             ... on level 6 of the Dungeon.
             The game lasted 00:14:26 (4929 turns).

ajon the Archer (High Elf Hunter)                   Turns: 4929, Time: 00:14:27

Health: -6/58      AC:  6    Str: 11    XL:     8   Next: 70%
Magic:  9/9        EV: 16    Int: 16    God:    Okawaru [***...]
Gold:   236        SH:  0    Dex: 17    Spells: 0 memorised, 7 levels left

rFire  . . .     SeeInvis .     b - +1 shortbow
rCold  + . .     Clarity  .     D - +0 leather armour (curse)
rNeg   . . .     SustAb   +     (no shield)
rPois  .         Gourm    .     q - +0 helmet (curse)
rElec  .         Spirit   .     p - +0 cloak
rCorr  +         Warding  .     u - +0 pair of gloves
rMut   .         Stasis   .     (no boots)
MR     .....                    o - amulet of resist corrosion
Stlth  ++........               j - ring of protection from cold
                                h - ring of sustain abilities

@: not resistant to hostile enchantments, unstealthy
A: no striking features
a: Heroism, Renounce Religion


You were on level 6 of the Dungeon.
You worshipped Okawaru.
Okawaru was most pleased with you.
You were not hungry.

You visited 1 branch of the dungeon, and saw 6 of its levels.
You also visited: Sewer.

You collected 236 gold pieces.

Inventory:

Hand weapons
 a - a +0 short sword
 b - a +1 shortbow (weapon)
Missiles
 c - 46 arrows (quivered)
Armour
 p - a +0 cloak (worn)
 q - a cursed +0 helmet (worn)
 u - a +0 pair of gloves (worn)
 D - a cursed +0 leather armour (worn)
Jewellery
 h - a ring of sustain abilities (left hand)
 j - a ring of protection from cold (right hand)
 k - an uncursed ring of stealth {unknown}
 o - an amulet of resist corrosion (around neck)
 r - an uncursed amulet of guardian spirit {unknown}
Magical devices
 y - a wand of fire (4)
Scrolls
 e - a scroll of remove curse {unknown}
 g - 2 scrolls of fog {unknown}
 m - a scroll of random uselessness {unknown}
 s - 2 scrolls of recharging {unknown}
 v - 2 scrolls of teleportation {unknown}
 C - a scroll of magic mapping {unknown}
 E - a scroll of fear {unknown}
Potions
 i - a potion of curing
 l - 4 potions of might
 n - 2 potions of mutation
 t - 3 potions of heal wounds
 w - 3 potions of magic
 x - 2 potions of brilliance {unknown}
 z - a potion of poison {unknown}
 A - a potion of haste {unknown}
 B - a potion of restore abilities {unknown}
Comestibles
 d - a beef jerky
 f - 4 bread rations
 F - 3 chunks of flesh


   Skills:
 * Level 6.3 Fighting
 - Level 10.6 Bows
 * Level 6.9 Dodging
 - Level 1.1 Stealth


You had 7 spell levels left.
You didn't know any spells.

Dungeon Overview and Level Annotations

Branches:
Dungeon (6/15)             Temple (0/1) D:5

Altars:
Ashenzari
Dithmenos
Fedhas
Gozag
Kikubaaqudgha
Okawaru
Ru
Yredelemnul
Zin

Shops:
D:5 }

Annotations:
D:4 Blork the orc
D:5 Grinder


Message History

Firing (i - inventory):
c - 49 arrows (quivered)
Press: ? - help, Shift-Dir - straight line, f/p - orc warrior
Aim: an orc warrior, wielding a dire flail and wearing a chain mail (almost dead)
You shoot an arrow.
The arrow closely misses the orc warrior.
The arrow barely misses the orc.
The orc barely misses you.
Firing (i - inventory):
c - 48 arrows (quivered)
Press: ? - help, Shift-Dir - straight line, f/p - orc warrior
Aim: an orc warrior, wielding a dire flail and wearing a chain mail (almost dead)
You shoot an arrow.
The arrow hits the orc warrior but does no damage.
The orc warrior is almost dead.
The orc warrior misses you. The orc completely misses you.
Firing (i - inventory):
c - 47 arrows (quivered)
Press: ? - help, Shift-Dir - straight line, f/p - orc warrior
Aim: an orc warrior, wielding a dire flail and wearing a chain mail (almost dead)
You shoot an arrow.
The arrow barely misses the orc warrior.
The orc warrior hits you with a dire flail!
You die...

#....+......+...+.............
#....##+##.###+##.............
#........#.###..##+##+#######+
#........'.........+ +...
#........####+###..#####+##.##
########........#..##.....#'##
#........'...+.....+...
#........#...#.....#.##
##'#..@..#'###.....#.##
#..+..ooo+...+..>......
#########.#.....###'#.....##..
#.........#..............####.
#.........#......(......## #+
#......#..###+##..(.....##
#......#..+....+.........##
#......#.###..##.....###..##
##+##'##.###..#...#'##.....##


You could see an orc warrior and 2 orcs.

Vanquished Creatures
  Menkaure (D:5)
  A centaur (D:5)
  3 ogres
  2 phantoms (D:5)
  The ghost of scrublord the Sneak, an average KoAs of Dithmenos (D:3)
  4 big kobolds (Sewer)
  A scorpion (D:6)
  3 vampire bats (D:6)
  A quasit (D:5)
  2 crimson imps
  A jelly (D:6)
  5 hounds
  An orc wizard (D:6)
  2 worker ants (D:5)
  5 adders
  2 river rats (Sewer)
  2 giant mites (D:3)
  A worm (D:2)
  A giant gecko (D:3)
  3 oozes
  7 orcs
  A bat skeleton (D:4)
  A bat zombie (D:5)
  6 giant cockroaches
  5 goblins
  3 hobgoblins
  8 jackals
  8 kobolds
  A quokka (D:5)
  4 ball pythons (Sewer)
  15 bats
  3 giant newts
  10 rats
114 creatures vanquished.

Notes
Turn   | Place    | Note
--------------------------------------------------------------
     0 | D:1      | ajon, the High Elf Hunter, began the quest for the Orb.
     0 | D:1      | Reached XP level 1. HP: 14/14 MP: 2/2
   218 | D:1      | Reached XP level 2. HP: 14/19 MP: 3/3
   288 | D:1      | Reached skill level 6 in Bows
   690 | D:2      | Reached XP level 3. HP: 16/24 MP: 4/4
  1041 | D:2      | Found a blossoming altar of Fedhas.
  1154 | D:2      | Found an ancient bone altar of Kikubaaqudgha.
  1243 | D:2      | Found an iron altar of Okawaru.
  1255 | D:2      | Became a worshipper of Warmaster Okawaru
  1359 | D:2      | Found a glowing silver altar of Zin.
  1754 | D:3      | Reached skill level 7 in Bows
  1789 | D:3      | Found a shadowy altar of Dithmenos.
  1808 | D:3      | Found a shattered altar of Ashenzari.
  1813 | D:3      | Saw a vision of the Swamp and the Spider Nest.
  1813 | D:3      | Noticed a redback
  1813 | D:3      | Noticed an alligator
  1814 | D:3      | Noticed a scorpion
  1817 | D:3      | Noticed a scorpion
  1868 | D:3      | Found a glowing drain.
  1896 | Sewer    | Entered a sewer
  1910 | Sewer    | Reached XP level 4. HP: 13/29 MP: 5/5
  2211 | Sewer    | Noticed a big kobold
  2211 | Sewer    | Noticed a big kobold
  2224 | Sewer    | Killed a big kobold
  2224 | Sewer    | Reached skill level 8 in Bows
  2224 | Sewer    | Reached XP level 5. HP: 26/34 MP: 6/6
  2225 | Sewer    | Killed a big kobold
  2225 | Sewer    | Acquired Okawaru's first power
  2225 | Sewer    | Reached skill level 9 in Bows
  2324 | Sewer    | Noticed a big kobold
  2324 | Sewer    | Noticed a big kobold
  2341 | Sewer    | Killed a big kobold
  2341 | Sewer    | Reached XP level 6. HP: 30/39 MP: 7/7
  2349 | Sewer    | Killed a big kobold
  2349 | Sewer    | Reached skill level 10 in Bows
  2595 | D:3      | Noticed scrublord's ghost (average KoAs)
  2612 | D:3      | Killed scrublord's ghost
  3004 | D:4      | Noticed Blork the orc
  3097 | D:5      | Entered Level 5 of the Dungeon
  3102 | D:5      | Noticed Menkaure
  3107 | D:5      | Killed Menkaure
  3107 | D:5      | Reached XP level 7. HP: 42/45 MP: 8/8
  3189 | D:5      | Found Ylyodim's Gadget Shoppe.
  3366 | D:5      | Found a sacrificial altar of Ru.
  3465 | D:5      | Reached skill level 5 in Dodging
  3465 | D:5      | Reached XP level 8. HP: 47/54 MP: 9/9
  3690 | D:5      | Found a staircase to the Ecumenical Temple.
  3690 | D:5      | Noticed Grinder
  3809 | D:5      | Reached skill level 5 in Fighting
  3894 | D:5      | Found an opulent altar of Gozag.
  4765 | D:6      | Found a basalt altar of Yredelemnul.
  4929 | D:6      | Mangled by an orc warrior

Action                   |  1- 3 |  4- 6 |  7- 9 || total
-------------------------+-------+-------+-------++-------
Melee: Short sword       |       |       |    35 ||    35
       Shortbow          |       |       |     1 ||     1
 Fire: Shortbow          |   132 |   148 |   235 ||   515
  Use: Scroll            |       |       |     5 ||     5
  Eat: Fruit             |     1 |       |       ||     1
       Pizza             |     1 |       |       ||     1
       Meat ration       |       |     1 |     1 ||     2
